Unix NetHack Version 3.7.0-73 Work-in-progress - last build Feb 17 2023 02:16:44 (48fe2e8c4a70f1d2d5b622443eb9b5bc1b8d05f7,branch:master). Game began 2023-02-21 21:44:19, ended 2023-02-21 21:54:53. Gandelf, neutral male human Monk ----- ----- |...| #####..o.| |...-### |...| |.{.| |<..| #@S.S.| |...| ----- ----- Gandelf the Novice St:17 Dx:10 Co:13 In:11 Wi:16 Ch:9 Neutral S:635 Dlvl:4 $:53 HP:0(34) Pw:15(15) AC:5 Xp:4/108 T:1472 Burdened Fly Latest messages: The kitten misses the kitten. You swap places with the peaceful kitten. The kitten bites the kitten. The kitten bites the kitten. The kitten bites the kitten. What do you want to throw? [$z or ?*] * In what direction? k The kitten devours an uncursed fortune cookie. You see here a statue of a goblin. You have a little trouble lifting $ - 11 gold pieces (53 in total). (For instructions type a '?') Can't find dungeon feature '/'. What do you want to call the kitten? Amooflai You swap places with Amooflai. You see here a statue of a goblin. You swap places with your kitten. You stop. Your kitten is in the way! You hear a door open. The door resists! The door opens. You kill the lichen! It won't come off the hinges. What do you want to dip? [a-eg-jl-zAC-L or ?*] E Dip 2 emerald potions into the fountain? [yn] (n) y Your emerald potions dilute. An endless stream of snakes pours forth! The water moccasin bites! The water moccasin bites! The giant rat bites! You kill the giant rat! The water moccasin just misses! You hit the water moccasin! The water moccasin bites! You hit the water moccasin! The water moccasin bites! You hit the water moccasin! The water moccasin turns to flee. You miss the water moccasin. The water moccasin bites! The water moccasin bites! You miss the water moccasin. The water moccasin bites! The water moccasin bites! The water moccasin bites! You die... Do you want your possessions identified? [ynq] (y) y Do you want to see your attributes? [ynq] (y) y Do you want an account of creatures vanquished? [ynaq] (y) y Do you want to see your conduct and achievements? [ynq] (y) y Do you want to see the dungeon overview? [ynq] (y) y Inventory: Coins $ - 53 gold pieces Amulets s - an uncursed amulet of flying (being worn) Weapons z - 5 +0 darts Armor a - an uncursed +2 pair of leather gloves (being worn) b - an uncursed burnt +1 robe (being worn) Comestibles h - 6 uncursed apples g - 3 uncursed food rations t - 2 uncursed food rations j - 2 uncursed fortune cookies i - 7 uncursed oranges Scrolls d - an uncursed scroll of confuse monster u - an uncursed scroll of enchant weapon v - an uncursed scroll of magic mapping q - an uncursed scroll of teleportation Spellbooks l - an uncursed spellbook of confuse monster c - a blessed spellbook of healing w - an uncursed spellbook of magic mapping Potions H - an uncursed potion of blindness F - a blessed potion of enlightenment C - an uncursed potion of extra healing J - 2 uncursed potions of gain ability A - an uncursed potion of gain level y - a cursed potion of hallucination I - an uncursed potion of healing D - an uncursed potion of invisibility K - an uncursed potion of monster detection L - an uncursed potion of oil G - an uncursed potion of restore ability E - 2 uncursed diluted potions of speed e - 2 uncursed potions of water o - 3 uncursed potions of water Tools p - an uncursed leather drum r - a cursed brass lantern x - an uncursed magic lamp Gems/Stones m - 2 uncursed fluorite stones n - an uncursed worthless piece of violet glass Gandelf the Monk's attributes: Background: You were a Novice, a level 4 male human Monk. You were neutral, nominally on a mission for Chih Sung-tzu who was opposed by Shan Lai Ching (lawful) and Huan Ti (chaotic). You were in the Dungeons of Doom, on level 4. You entered the dungeon 1472 turns ago. There was a new moon in effect when your adventure ended. You had 108 experience points, 52 more were needed to attain level 5. Your score was 635 before end-of-game adjustments. Basics: You had 0 out of 34 hit points. You had all 15 energy points (spell power). Your armor class was 5. Your wallet contained 53 zorkmids. Autopickup was on for '$?!+/=' plus thrown. Final Characteristics: Your strength was 17 (limit:18/100). Your dexterity was 10 (limit:18). Your constitution was 13 (limit:18). Your intelligence was 11 (limit:18). Your wisdom was 16 (limit:18). Your charisma was 9 (limit:18). Final Status: You were flying. You were not hungry. You were burdened; movement was slightly slowed. You were empty handed. You had basic skill with martial arts. Final Attributes: You were devoutly aligned. You were sleep resistant. You were poison resistant. You saw invisible. You were guarded. You were fast. You are dead. Miscellaneous: You never encountered a bones level. Total elapsed playing time was 10 minutes and 33 seconds. Major events: Turn 1: Gandelf the neutral male human Monk entered the dungeon 815: attained the rank of Novice (level 3) 1472: killed by a water moccasin Vanquished creatures: a small mimic a giant bat 2 iguanas a large kobold a hobgoblin 4 giant rats a brown mold 2 yellow molds a gecko 2 jackals a kobold 2 goblins 4 grid bugs 5 lichens 4 newts 32 creatures vanquished. No species were genocided or became extinct. Voluntary challenges: You followed a strict vegan diet. You were an atheist. You never hit with a wielded weapon. You were illiterate. You never engraved Elbereth. You never genocided any monsters. You never polymorphed an object. You never changed form. You used no wishes. Achievements: You entered a shop. You attained the rank of Novice. The Dungeons of Doom: levels 1 to 4 Level 1: Level 2: A general store, a fountain. Level 3: A potion shop. Level 4: <- You were here. A fountain. Final resting place for you, killed by a water moccasin. Game over: ---------- / \ / REST \ / IN \ / PEACE \ / \ | Gandelf | | 53 Au | | killed by a | | water moccasin | | | | | | 2023 | *| * * * | * _________)/\\_//(\/(/\)/\//\/|_)_______ Goodbye Gandelf the Monk... You died in The Dungeons of Doom on dungeon level 4 with 630 points, and 53 pieces of gold, after 1472 moves. You were level 4 with a maximum of 34 hit points when you died.